 Dungeon Crawl Stone Soup version 0.23.0-3-gf3c87f2 (webtiles) character file.

Game seed: 2967425843611129156

66 dengdeng the Skirmisher (level 3, -7/34 HPs)
             Began as a Minotaur Berserker on Feb 23, 2019.
             Was a Believer of Trog.
             Mangled by a gnoll
             ... wielding a +0 flail
              (9 damage)
             ... on level 2 of the Dungeon.
             The game lasted 00:03:40 (937 turns).

dengdeng the Skirmisher (Minotaur Berserker)         Turns: 937, Time: 00:03:41

Health: -7/34      AC:  7    Str: 22    XL:     3   Next: 96%
Magic:  2/2        EV: 11    Int:  4    God:    Trog [**....]
Gold:   73         SH:  0    Dex:  9    Spells: 2/2 levels left

rFire    . . .     SeeInvis .   j - +2 short sword (drain)
rCold    . . .     Gourm    .   (no shield)
rNeg     . . .     Faith    .   k - +0 scale mail
rPois    .         Spirit   .   (helmet restricted)
rElec    .         Reflect  .   d - +0 cloak
rCorr    .         Harm     .   (no gloves)
MR       .....                  (no boots)
Stlth    ..........             (no amulet)
HPRegen  0.11/turn              (no ring)
MPRegen  0.08/turn              (no ring)

@: no status effects
A: retaliatory headbutt, horns 2
a: Berserk, Trog's Hand, Renounce Religion


You were on level 2 of the Dungeon.
You worshipped Trog.
Trog was pleased with you.
You were not hungry.

You visited 1 branch of the dungeon, and saw 2 of its levels.

You collected 73 gold pieces.

Inventory:

Hand Weapons
 a - a +0 hand axe
 j - a +2 short sword of draining (weapon)
Missiles
 b - 71 stones (quivered)
Armour
 d - a +0 cloak (worn)
 k - a +0 scale mail (worn)
Scrolls
 e - 2 scrolls of amnesia {unknown}
 f - a scroll of enchant armour {unknown}
 g - a scroll of random uselessness {unknown}
 h - 4 scrolls of identify {unknown}
 n - a scroll of enchant weapon {unknown}
Potions
 l - a potion of haste {unknown}
 m - a potion of magic {unknown}
Comestibles
 c - 6 rations
 i - 5 chunks of flesh


   Skills:
 * Level 4.7 Fighting
 + Level 1.0 Short Blades
 + Level 4.1 Axes
 * Level 2.9 Armour
 + Level 2.6 Dodging


You had 2 spell levels left.
You didn't know any spells.
Your spell library was empty.

Dungeon Overview and Level Annotations

Branches:
Dungeon (2/15)

Altars:

Annotations:
D:2 Jessica


Innate Abilities, Weirdness & Mutations

You reflexively headbutt those who attack you in melee.
You have a pair of horns on your head.


Message History

Trog accepts your kill.
The kobold throws a stone.
The stone closely misses you. The gnoll hits you but does no damage.
The gnoll barely misses you. Jessica barely misses you.
The gnoll closely misses you. The gnoll hits you with a +0 flail.
* * * LOW HITPOINT WARNING * * *
Things that are here:
a +0 spear; a gnoll corpse Unknown command.
You completely miss Jessica. You headbutt Jessica!
Jessica is almost dead.
Jessica hits you with a +0 club.
* * * LOW HITPOINT WARNING * * *
The gnoll closely misses you. You furiously retaliate!
You headbutt the gnoll!
Jessica gestures wildly.
Jessica hits you but does no damage.
You barely miss Jessica.
Jessica is almost dead.
The gnoll hits you with a +0 flail!
You die...

.# .# #.. #...# .# .##
#..###...####.# . ..#
#....#....##..##.
..###..........#.... .
...#.<.<..........# ...
#.................##....
##.#...........gg..K....
..#..........[@@......
#.#....##...()#...#..#
##.#..######...#......#
##.....# .....#..###.#
.#.....# #.##..#..# #
.......# #. #.....#
.......###. ##.....
.#(......... .....#
.......###.# .....


You could see 2 gnolls, Jessica and a kobold.

Vanquished Creatures
  A gnoll (D:2)
  3 oozes
  A dart slug (D:1)
  A worm (D:2)
  7 goblins
  6 hobgoblins (D:1)
  A quokka (D:2)
  7 bats
  4 frilled lizards
  4 kobolds (D:1)
  3 rats
38 creatures vanquished.

Notes
Turn   | Place    | Note
-------+----------+-------------------------------------------
     0 | D:1      | dengdeng the Minotaur Berserker began the quest for the
                  | Orb.
     0 | D:1      | Reached XP level 1. HP: 19/19 MP: 0/0
   174 | D:1      | Reached XP level 2. HP: 25/27 MP: 1/1
   587 | D:1      | Reached XP level 3. HP: 34/34 MP: 2/2
   698 | D:1      | Reached ** piety under Trog
   928 | D:2      | Noticed Jessica
   932 | D:2      | Reached skill level 1 in Short Blades
   937 | D:2      | Mangled by a gnoll

Skill      XL: |  1  2  3 |
---------------+----------+-----
Fighting       | 4 |  4.7
Axes           | 4 |  4.1
Short Blades   | 1 |  1.0
Armour         | |  2.9
Dodging        | |  2.6

Action                   || total
-------------------------++-------
Melee: Hand axe          ||    38
       Headbutt          ||    12
       Short sword       ||    38
Armor: Animal skin       ||    21
       Scale mail        ||     7
Dodge: Dodged            ||    73
